 Dungeon Sprint DCSS version 0.30-a0-360-g447f08457e (webtiles) character file.

Game seed: 8991941496932002870

25270 Pestilence the Carver (level 13, -4/113 HPs)
             Began as a Gnoll Reaver on Nov 13, 2022.
             Was the Champion of Makhleb.
             Slain by a salamander
             ... wielding a +0 trident
              (7 damage)
             ... in the Dungeon (Sprint IX: "|||||||||||||||||||||||||||||").
             The game lasted 00:09:37 (2328 turns).

Pestilence the Carver (Gnoll Reaver)                Turns: 2328, Time: 00:09:38

Health: -4/113     AC: 22    Str: 20    XL:     13   Next: 18%
Magic:  31/31      EV: 12    Int: 19    God:    Makhleb [******]
Gold:   382        SH:  8    Dex: 11    Spells: 39/40 levels left

rFire   + . .      SeeInvis .    j - +5 long sword (holy)
rCold   . . .      Faith    .    A - +1 buckler {rF+}
rNeg    . . .      Spirit   .    z - +2 plate armour
rPois   .          Reflect  .    m - +0 helmet
rElec   .          Harm     .    t - scarf {repulsion}
rCorr   .          Rampage  .    l - +0 pair of gloves
Will    .....      NoTele   +    b - +0 pair of boots
Stlth   +.........               w - amulet of regeneration
HPRegen 1.18/turn                v - ring "Wobuc" {Str+4 Int+6}
MPRegen 0.22/turn                p - +2 ring of evasion

@: lethally poisoned (-4 -> -5), repel missiles
A: fangs 1, strong nose, distributed training
a: Renounce Religion, Minor Destruction, Lesser Servant of Makhleb, Major
Destruction, Greater Servant of Makhleb


You were in the Dungeon.
You worshipped Makhleb.
Makhleb was exalted by your worship.
You visited 1 branch You collected 1812 gold pieces.
You spent 1430 gold pieces at shops.

Inventory:

Hand Weapons
 j - a +5 long sword of holy wrath (weapon)
 n - a +3 scimitar of flaming
Armour
 b - a +0 pair of boots (worn)
 l - a +0 pair of gloves (worn)
 m - a +0 helmet (worn)
 t - a scarf of repulsion (worn)
 z - a +2 plate armour (worn)
 A - a +1 buckler of fire resistance (worn)
Jewellery
 p - a +2 ring of evasion (right hand)
 v - the ring "Wobuc" (left hand) {Str+4 Int+6}
   (You bought it in a shop in the Dungeon)

   [ring of intelligence]

   Str:       It affects your strength (+4).
   Int:       It affects your intelligence (+6).
 w - an amulet of regeneration (around neck)
 y - a ring of protection from fire
Wands
 d - a wand of digging (3)
Scrolls
 h - 5 scrolls of blinking
 i - 2 scrolls of amnesia
 o - 2 scrolls of identify
 q - a scroll of fear
 r - 3 scrolls of enchant armour
 s - 3 scrolls of butterflies
 u - a scroll of brand weapon
 x - 2 scrolls of enchant weapon
Potions
 a - 3 potions of brilliance
 c - 7 potions of curing
 e - 3 potions of haste
 f - 4 potions of magic
 g - a potion of invisibility
 k - 4 potions of heal wounds
 B - a potion of flight {unknown}


   Skills:
 + Level 14.0 Fighting
 + Level 13.3 Short Blades
 + Level 14.6 Long Blades
 + Level 13.3 Axes
 + Level 13.3 Maces & Flails
 + Level 13.3 Polearms
 + Level 13.3 Staves
 + Level 13.3 Ranged Weapons
 + Level 13.3 Throwing
 + Level 13.3 Armour
 + Level 14.0 Dodging
 + Level 13.3 Stealth
 + Level 13.3 Shields
 + Level 13.3 Unarmed Combat
 + Level 14.1 Spellcasting
 + Level 12.4 Conjurations
 + Level 11.2 Hexes
 + Level 11.2 Summonings
 + Level 11.2 Necromancy
 + Level 11.2 Translocations
 + Level 11.2 Transmutations
 + Level 11.2 Fire Magic
 + Level 11.2 Ice Magic
 + Level 11.2 Air Magic
 + Level 11.2 Earth Magic
 + Level 11.2 Poison Magic
 + Level 14.4 Invocations
 + Level 13.3 Evocations


You had 39 spell levels left.
You knew the following spells:

 Your Spells              Type           Power      Damage    Failure   Level
a - Kiss of Death         Conj/Necr      100%       2d13      1%          1

Your spell library contained the following spells:

 Spells                   Type           Power      Damage    Failure   Level
 Momentum Strike          Conj/Tloc      100%       3d10      1%          2
 Hailstorm                Conj/Ice       55%        3d12      1%          3


Dungeon Overview and Level Annotations

Branches:
Dungeon (1/1)

Altars:
Cheibriados
Dithmenos
Elyvilon
Fedhas
Gozag
Hepliaklqana
Kikubaaqudgha
Makhleb
Nemelex Xobeh
Okawaru
Qazlal
Ru
Sif Muna
Trog
Uskayaw
Vehumet
Wu Jian
Xom
Yredelemnul
Zin
The Shining One
Jiyva
Lugonu

Shops:
D *[*=


Innate Abilities, Weirdness & Mutations

You have very sharp teeth.
Your uncanny sense of smell can sniff out nearby items.
Your experience applies equally to all skills.


Message History

The naga warrior closely misses you.
You slash the naga warrior!
You kill the naga warrior!
Makhleb accepts your kill.
You feel better.
You feel sick.
The salamander hits you with a +0 trident!
* * * LOW HITPOINT WARNING * * *
You are engulfed in flames.
You resist.
* * * LOW HITPOINT WARNING * * *
Aiming: Major Destruction (0% risk of failure)
Press: ? - help, Shift-Dir - straight line, f - guardian serpent
Aim: a guardian serpent (severely wounded, lightly drained)
The bolt of negative energy hits the guardian serpent!!
The guardian serpent is drained!
You kill the guardian serpent!
Makhleb accepts your kill.
You feel better.
You feel sick.
The salamander hits you with a +0 trident.
* * * LOW HITPOINT WARNING * * *
You are engulfed in flames!
You resist.
* * * LOW HITPOINT WARNING * * *
Your Fighting skill increases to level 14!
Your Dodging skill increases to level 14!
Unknown command.
You hit the salamander but do no damage.
You feel sick.
The salamander hits you but does no damage.
Unknown command.
You slash the salamander!
The salamander is lightly wounded.
You feel sick.
You slash the salamander!
The salamander is moderately wounded.
You feel sick. You block the salamander's attack.
You slash the salamander!
The salamander is moderately wounded.
The salamander hits you with a +0 trident!
* * * LOW HITPOINT WARNING * * *
You are engulfed in flames!
You resist.
You die...

▓.▓.▓.▓.▓.▓.▓.▓_
▓.▓.▓)▓.▓.▓.▓.▓.▓_
▓.▓.▓)▓.▓)▓.▓'▓.▓_
▓.▓.▓)▓.▓)▓.▓.▓.▓_
▓)▓.▓)▓.▓)▓.▓.▓.▓_
▓.▓[▓)▓.▓)▓.▓.▓.▓_
▓.▓.▓)▓.▓)▓.▓.▓.▓_
▓)▓.▓)▓.▓)▓.▓.▓.▓'
▓@▓.▓)▓.▓)▓.▓.▓.▓.
▓N▓.▓.▓.▓)▓.▓|▓.▓.
▓†▓.▓=▓.▓'▓.▓.▓.▓.
▓.▓.▓.▓.▓.▓.▓.▓.▓.
▓.▓.▓.▓.▓.▓.▓.▓.▓.
▓.▓.▓.▓.▓.▓.▓.▓.▓)
▓.▓.▓'▓.▓.▓.▓.▓.▓.
▓.▓.▓.▓.▓.▓.▓.▓.▓.
▓.▓.▓.▓.▓.▓.▓'▓.▓†


You could see a salamander (strong).

Vanquished Creatures
  A nagaraja (D)
  A frost giant (D)
  A centaur warrior (D)
  An ogre mage (D)
  An anaconda (D)
  A tengu warrior (D)
  A naga warrior (D)
  An orc high priest (D)
  2 orc knights (D)
  A deep elf pyromancer (D)
  2 lindwurms (D)
  2 manticores (D)
  2 elephants (D)
  A cyclops (D)
  3 black mambas (D)
  A guardian serpent (D)
  A kobold demonologist (D)
  2 rime drakes (D)
  A yaktaur (D)
  An efreet (D)
  A troll (D)
  3 tyrant leeches (D)
  A blink frog (D)
  A shadow (D)
  Eustachio (D)
  3 yaks (D)
  2 acid dragons (D)
  A naga (D)
  5 water moccasins (D)
  9 orc warriors (D)
  A black bear (shapeshifter) (D)
  A boggart (D)
  2 ogres (D)
  A wolf (D)
  A bullfrog (D)
  A killer bee (D)
  2 howler monkeys (D)
  2 orc priests (D)
  3 orc wizards (D)
  An adder (D)
  A dart slug (D)
  10 orcs (D)
  2 hobgoblins (D)
  A frilled lizard (D)
  A rat (D)
84 creatures vanquished.

Vanquished Creatures (collateral kills)
  A very ugly thing (D)
  Snorg (D)
  2 fire dragons (D)
  A rakshasa (D)
  Harold (D)
  A boulder beetle (D)
  A spriggan berserker (D)
  A naga ritualist (D)
  A glowing orange brain (D)
  5 orc knights (D)
  A lindwurm (D)
  A naga (D)
  7 orc warriors (D)
  A worm (D)
  A bat simulacrum (D)
26 creatures vanquished.

Vanquished Creatures (others)
  A tengu warrior (D)
  A worm (D)
2 creatures vanquished.

Grand Total: 112 creatures vanquished

Notes
Turn   | Place    | Note
-------+----------+-------------------------------------------
     0 | D        | Pestilence the Gnoll Reaver began the quest for the Orb.
     0 | D        | Reached XP level 1. HP: 20/20 MP: 6/6
    10 | D        | Reached skill level 5 in Spellcasting
    15 | D        | Reached skill level 1 in Invocations
    19 | D        | Reached skill level 1 in Short Blades
    19 | D        | Reached skill level 1 in Axes
    19 | D        | Reached skill level 1 in Maces & Flails
    19 | D        | Reached skill level 1 in Polearms
    19 | D        | Reached skill level 1 in Staves
    19 | D        | Reached skill level 1 in Ranged Weapons
    19 | D        | Reached skill level 1 in Throwing
    19 | D        | Reached skill level 1 in Armour
    19 | D        | Reached skill level 1 in Stealth
    19 | D        | Reached skill level 1 in Shields
    19 | D        | Reached skill level 1 in Unarmed Combat
    19 | D        | Reached skill level 1 in Evocations
    19 | D        | Reached XP level 2. HP: 22/26 MP: 8/8
    37 | D        | Noticed an ogre
    37 | D        | Noticed an ogre
    37 | D        | Noticed a howler monkey
    41 | D        | Reached skill level 1 in Hexes
    41 | D        | Reached skill level 1 in Summonings
    41 | D        | Reached skill level 1 in Necromancy
    41 | D        | Reached skill level 1 in Translocations
    41 | D        | Reached skill level 1 in Transmutations
    41 | D        | Reached skill level 1 in Fire Magic
    41 | D        | Reached skill level 1 in Ice Magic
    41 | D        | Reached skill level 1 in Air Magic
    41 | D        | Reached skill level 1 in Earth Magic
    41 | D        | Reached skill level 1 in Poison Magic
    46 | D        | Killed a howler monkey
    47 | D        | Reached skill level 5 in Fighting
    47 | D        | Reached skill level 5 in Dodging
    47 | D        | Reached XP level 3. HP: 23/33 MP: 10/10
    56 | D        | Killed an ogre
    57 | D        | Reached XP level 4. HP: 13/40 MP: 12/12
    57 | D        | Reached XP level 5. HP: 15/46 MP: 13/13
    64 | D        | Killed an ogre
    65 | D        | Reached XP level 6. HP: 18/52 MP: 13/15
    73 | D        | Found a snail-covered altar of Cheibriados.
    73 | D        | Found a shadowy altar of Dithmenos.
    73 | D        | Found a white marble altar of Elyvilon.
    73 | D        | Found a blossoming altar of Fedhas.
    73 | D        | Found an opulent altar of Gozag.
    74 | D        | Found a hazy altar of Hepliaklqana.
    77 | D        | Found a viscous altar of Jiyva.
    78 | D        | Found an ancient bone altar of Kikubaaqudgha.
    79 | D        | Found a corrupted altar of Lugonu.
    80 | D        | Found a burning altar of Makhleb.
    81 | D        | Found a sparkling altar of Nemelex Xobeh.
    82 | D        | Found an iron altar of Okawaru.
    83 | D        | Found a stormy altar of Qazlal.
    84 | D        | Found a sacrificial altar of Ru.
    85 | D        | Found a shimmering blue altar of Sif Muna.
    86 | D        | Found a bloodstained altar of Trog.
    87 | D        | Found a hide-covered altar of Uskayaw.
    88 | D        | Became a worshipper of Makhleb the Destroyer
    89 | D        | Found a radiant altar of Vehumet.
    90 | D        | Found an ornate altar of the Wu Jian Council.
    91 | D        | Found a shimmering altar of Xom.
    92 | D        | Found a basalt altar of Yredelemnul.
    93 | D        | Found a glowing silver altar of Zin.
    94 | D        | Found a glowing golden altar of the Shining One.
   199 | D        | Noticed a shadow
   199 | D        | Noticed a kobold demonologist
   199 | D        | Noticed an acid dragon
   199 | D        | Noticed an acid dragon
   201 | D        | Killed an acid dragon
   202 | D        | Reached skill level 5 in Short Blades
   202 | D        | Reached skill level 5 in Axes
   202 | D        | Reached skill level 5 in Maces & Flails
   202 | D        | Reached skill level 5 in Polearms
   202 | D        | Reached skill level 5 in Staves
   202 | D        | Reached skill level 5 in Ranged Weapons
   202 | D        | Reached skill level 5 in Throwing
   202 | D        | Reached skill level 5 in Armour
   202 | D        | Reached skill level 5 in Stealth
   202 | D        | Reached skill level 5 in Shields
   202 | D        | Reached skill level 5 in Unarmed Combat
   202 | D        | Reached skill level 5 in Invocations
   202 | D        | Reached skill level 5 in Evocations
   202 | D        | Killed an acid dragon
   202 | D        | Reached * piety under Makhleb
   203 | D        | Reached XP level 7. HP: 60/60 MP: 15/17
   213 | D        | Killed a kobold demonologist
   214 | D        | Reached skill level 5 in Hexes
   214 | D        | Reached skill level 5 in Summonings
   214 | D        | Reached skill level 5 in Necromancy
   214 | D        | Reached skill level 5 in Translocations
   214 | D        | Reached skill level 5 in Transmutations
   214 | D        | Reached skill level 5 in Fire Magic
   214 | D        | Reached skill level 5 in Ice Magic
   214 | D        | Reached skill level 5 in Air Magic
   214 | D        | Reached skill level 5 in Earth Magic
   214 | D        | Reached skill level 5 in Poison Magic
   216 | D        | Killed a shadow
   216 | D        | Reached ** piety under Makhleb
   217 | D        | Reached XP level 8. HP: 44/68 MP: 18/20
   297 | D        | Noticed a troll
   297 | D        | Noticed a cyclops
   297 | D        | Noticed a deep elf pyromancer
   297 | D        | Noticed a manticore
   297 | D        | Noticed a centaur warrior
   300 | D        | Killed a centaur warrior
   300 | D        | Killed a cyclops
   301 | D        | Reached skill level 10 in Long Blades
   301 | D        | Reached XP level 9. HP: 75/75 MP: 20/22
   301 | D        | Killed a manticore
   301 | D        | Reached *** piety under Makhleb
   301 | D        | Killed a deep elf pyromancer
   306 | D        | Killed a troll
   427 | D        | Noticed a rime drake
   429 | D        | Noticed a black mamba
   432 | D        | Noticed an elephant
   438 | D        | Reached **** piety under Makhleb
   444 | D        | Reached skill level 10 in Spellcasting
   450 | D        | Reached XP level 10. HP: 60/85 MP: 22/24
   466 | D        | Reached skill level 10 in Fighting
   466 | D        | Reached skill level 10 in Dodging
   475 | D        | Killed a black mamba
   475 | D        | Reached ***** piety under Makhleb
   492 | D        | Killed an elephant
   493 | D        | Reached skill level 10 in Invocations
   645 | D        | Noticed a boulder beetle
   645 | D        | Noticed an elephant
   645 | D        | Noticed a black mamba
   651 | D        | Killed a black mamba
   683 | D        | Killed an elephant
   695 | D        | Reached ****** piety under Makhleb
   929 | D        | Killed a boulder beetle
   930 | D        | Reached skill level 10 in Short Blades
   930 | D        | Reached skill level 10 in Axes
   930 | D        | Reached skill level 10 in Maces & Flails
   930 | D        | Reached skill level 10 in Polearms
   930 | D        | Reached skill level 10 in Staves
   930 | D        | Reached skill level 10 in Ranged Weapons
   930 | D        | Reached skill level 10 in Throwing
   930 | D        | Reached skill level 10 in Armour
   930 | D        | Reached skill level 10 in Stealth
   930 | D        | Reached skill level 10 in Shields
   930 | D        | Reached skill level 10 in Unarmed Combat
   930 | D        | Reached skill level 10 in Conjurations
   930 | D        | Reached skill level 10 in Evocations
   930 | D        | Reached XP level 11. HP: 78/93 MP: 26/26
  1003 | D        | Noticed a lindwurm
  1003 | D        | Noticed a lindwurm
  1003 | D        | Noticed a lindwurm
  1009 | D        | Killed a lindwurm
  1018 | D        | Killed a lindwurm
  1018 | D        | Killed a lindwurm
  1099 | D        | Noticed Eustachio
  1104 | D        | Killed Eustachio
  1234 | D        | Noticed an orc knight
  1234 | D        | Noticed an orc high priest
  1241 | D        | Killed an orc knight
  1244 | D        | Killed an orc high priest
  1439 | D        | Found Jobiroll's Jewellery Boutique.
  1439 | D        | Noticed an orc knight
  1439 | D        | Noticed an orc knight
  1460 | D        | Killed an orc knight
  1463 | D        | Killed an orc knight
  1469 | D        | Found Deogets's General Store.
  1470 | D        | Noticed an orc knight
  1472 | D        | Found Kucka's Antique Armour Boutique.
  1476 | D        | Killed an orc knight
  1478 | D        | Noticed an orc knight
  1480 | D        | Found Biagiwula's Assorted Antiques.
  1481 | D        | Noticed an orc knight
  1482 | D        | Killed an orc knight
  1484 | D        | Reached XP level 12. HP: 87/103 MP: 28/28
  1504 | D        | Bought a heavily runed chain mail for 190 gold pieces
  1504 | D        | Identified the +1 chain mail of Depression {rPois Str-4
                  | SInv} (You bought it in a shop in the Dungeon)
  1504 | D        | Bought an embroidered scarf for 160 gold pieces
  1507 | D        | Bought a scroll of brand weapon for 104 gold pieces
  1509 | D        | Bought the ring "Wobuc" {Str+4 Int+6} for 616 gold pieces
  1509 | D        | Bought an amulet of regeneration for 360 gold pieces
  1896 | D        | Noticed a tengu warrior
  1896 | D        | Noticed an ogre mage
  1896 | D        | Noticed a tengu warrior
  1899 | D        | Killed an ogre mage
  1899 | D        | Noticed a frost giant
  1900 | D        | Killed a tengu warrior
  1901 | D        | Reached skill level 10 in Hexes
  1901 | D        | Reached skill level 10 in Summonings
  1901 | D        | Reached skill level 10 in Necromancy
  1901 | D        | Reached skill level 10 in Translocations
  1901 | D        | Reached skill level 10 in Transmutations
  1901 | D        | Reached skill level 10 in Fire Magic
  1901 | D        | Reached skill level 10 in Ice Magic
  1901 | D        | Reached skill level 10 in Air Magic
  1901 | D        | Reached skill level 10 in Earth Magic
  1901 | D        | Reached skill level 10 in Poison Magic
  1901 | D        | Noticed a fire dragon
  1902 | D        | Killed a tengu warrior
  1904 | D        | Killed a frost giant
  1909 | D        | Noticed a spriggan berserker
  1910 | D        | Killed a fire dragon
  1914 | D        | Killed a spriggan berserker
  1936 | D        | Noticed a rakshasa
  1938 | D        | Noticed a fire dragon
  1941 | D        | Killed a rakshasa
  1944 | D        | Noticed a purple very ugly thing
  1945 | D        | Killed a fire dragon
  1949 | D        | Killed a purple very ugly thing
  2069 | D        | Noticed Harold
  2077 | D        | Killed Harold
  2103 | D        | Noticed Snorg
  2126 | D        | Killed Snorg
  2298 | D        | Noticed a naga warrior
  2298 | D        | Noticed an anaconda
  2299 | D        | Noticed a nagaraja
  2303 | D        | Reached XP level 13. HP: 112/112 MP: 30/30
  2313 | D        | Killed a nagaraja
  2328 | D        | HP: 3/113 [salamander/+0 trident (12)]
  2328 | D        | Slain by a salamander

Illustrated notes

Levels and vault maps discovered:
D:        linesprint [early_d, line_temple, items_1, d_10, items_2, lair_1,
          lair_end, items_3, orc_1, orc_end, items_4, d_15, swamp_1, shoals_1,
          snake_1, spider_1, d_20, vaults_1, items_5, swamp_end, shoals_end,
          snake_end, spider_end, vaults_end, d_27, items_6, zot_1, zot_end,
          crypt_end, forest_end, elf_end, slime_end, tomb_end, abyss_end,
          pan_hell_end]

Skill      XL: |  1  2  3  4  5  6  7  8  9 10 11 12 13 |
---------------+----------------------------------------+-----
Spellcasting   | 5 6 7 8 9 10 11 12 13 14 | 14.1
Invocations    | 1 2 3 4 5 7 8 9 10 12 14 | 14.4
Short Blades   | 1 2 3 4 5 6 7 8 10 11 12 13 | 13.3
Axes           | 1 2 3 4 5 6 7 8 10 11 12 13 | 13.3
Maces & Flails | 1 2 3 4 5 6 7 8 10 11 12 13 | 13.3
Polearms       | 1 2 3 4 5 6 7 8 10 11 12 13 | 13.3
Staves         | 1 2 3 4 5 6 7 8 10 11 12 13 | 13.3
Ranged Weapons | 1 2 3 4 5 6 7 8 10 11 12 13 | 13.3
Throwing       | 1 2 3 4 5 6 7 8 10 11 12 13 | 13.3
Armour         | 1 2 3 4 5 6 7 8 10 11 12 13 | 13.3
Stealth        | 1 2 3 4 5 6 7 8 10 11 12 13 | 13.3
Shields        | 1 2 3 4 5 6 7 8 10 11 12 13 | 13.3
Unarmed Combat | 1 2 3 4 5 6 7 8 10 11 12 13 | 13.3
Evocations     | 1 2 3 4 5 6 7 8 10 11 12 13 | 13.3
Hexes          | 2 3 4 5 6 7 8 9 11 | 11.2
Summonings     | 2 3 4 5 6 7 8 9 11 | 11.2
Necromancy     | 2 3 4 5 6 7 8 9 11 | 11.2
Translocations | 2 3 4 5 6 7 8 9 11 | 11.2
Transmutations | 2 3 4 5 6 7 8 9 11 | 11.2
Fire Magic     | 2 3 4 5 6 7 8 9 11 | 11.2
Ice Magic      | 2 3 4 5 6 7 8 9 11 | 11.2
Air Magic      | 2 3 4 5 6 7 8 9 11 | 11.2
Earth Magic    | 2 3 4 5 6 7 8 9 11 | 11.2
Poison Magic   | 2 3 4 5 6 7 8 9 11 | 11.2
Fighting       | 5 6 7 8 9 11 12 13 14 | 14.0
Long Blades    | 7 8 9 10 11 13 14 | 14.6
Dodging        | 5 6 7 8 9 11 12 13 14 | 14.0
Conjurations   | 6 7 8 9 10 11 12 | 12.4

Action                   |  1- 3 |  4- 6 |  7- 9 | 10-12 | 13-15 || total
-------------------------+-------+-------+-------+-------+-------++-------
Melee: Falchion          |    30 |     8 |       |       |       ||    38
       Bite              |     3 |       |     8 |    10 |     1 ||    22
       Scimitar          |       |       |    38 |   129 |       ||   167
       Punch             |       |       |     2 |     4 |       ||     6
       Long sword        |       |       |       |    18 |    16 ||    34
 Cast: Kiss of Death     |       |       |       |     1 |       ||     1
Invok: Major Destruction |       |       |       |    24 |     5 ||    29
       Greater Servant o |       |       |       |     8 |       ||     8
Evoke: Wand              |       |     3 |     6 |     1 |       ||    10
  Use: Potion            |     1 |       |       |     4 |       ||     5
       Scroll            |       |       |     2 |       |       ||     2
 Stab: Invisible         |       |       |     1 |     5 |       ||     6
Armor: Leather armour    |     5 |       |       |       |       ||     5
       Chain mail        |       |     3 |    16 |    52 |       ||    71
       Plate armour      |       |       |       |    13 |    10 ||    23
Dodge: Dodged            |     8 |     7 |    18 |    81 |     9 ||   123
       Repelled          |       |       |       |     1 |     1 ||     2
Block: Buckler           |       |       |       |    43 |     7 ||    50

Table legend: (Time is in decaauts)
 A = Elapsed time spent in this place.
 B = Non-inter-level travel time spent in this place.
 C = Inter-level travel time spent in this place.
 D = Time resting spent in this place.
 E = Time spent auto-exploring this place.
 F = Levels seen in this place.
 G = Mean time per level.
                   A        B        C        D        E       F      G
               +--------+--------+--------+--------+--------+-----+--------+
         Total |   2295 |   2295 |      0 |    939 |    215 |   1 | 2295.0 |
       Dungeon |   2295 |   2295 |      0 |    939 |    215 |   1 | 2295.0 |
               +--------+--------+--------+--------+--------+-----+--------+

Top non-repeatable levels by time:
       D: 2295 daAuts
